 Dungeon Crawl Stone Soup version 0.30.1-3-gfc49f6343a (webtiles) character file.

Game seed: 13854605865894647655

570 McKennaii the Conjurer (level 6, -9/45 HPs)
             Began as a Demigod Conjurer on Aug 1, 2023.
             Mangled by a sleepcap (21 damage)
             ... on level 4 of the Dungeon.
             The game lasted 00:06:05 (5223 turns).

McKennaii the Conjurer (Demigod Conjurer)           Turns: 5223, Time: 00:06:06

Health: -9/45      AC:  4    Str:  8    XL:     6   Next: 86%
Magic:  2/16       EV:  2    Int: 34    God:
Gold:   136        SH:  0    Dex: 12    Spells: 7/14 levels left

rFire   . . .        d - +4 dagger
rCold   . . .        (no shield)
rNeg    . . .        a - +0 robe
rPois   +            y - +0 helmet
rElec   .            (no cloak)
rCorr   .            (no gloves)
SInv    .            g - +0 pair of boots
Will    .....        (no amulet)
Stlth   ++           u - +6 ring of intelligence
HPRegen 0.27/turn    v - ring of poison resistance
MPRegen 0.15/turn

%: no passive effects
@: sleeping
A: high MP 1, forlorn, divine attributes
a: no special abilities


You were on level 4 of the Dungeon.
You visited 1 branch of the dungeon, and saw 5 of its levels.

You collected 194 gold pieces.
You spent 58 gold pieces at shops.

Inventory:

Hand Weapons
 d - a +4 dagger (weapon)
Armour
 a - a +0 robe (worn)
 g - a +0 pair of boots (worn)
 y - a +0 helmet (worn)
Jewellery
 u - a +6 ring of intelligence (left hand)
 v - a ring of poison resistance (right hand)
 D - a ring of see invisible
Wands
 n - a wand of flame (9)
Scrolls
 c - 7 scrolls of identify {unknown}
 f - a scroll of fog {unknown}
 j - 2 scrolls of noise {unknown}
 k - a scroll of enchant armour {unknown}
 l - a scroll of amnesia {unknown}
 m - 3 scrolls of enchant weapon {unknown}
 p - 2 scrolls of brand weapon {unknown}
 q - a scroll of immolation {unknown}
 x - 2 scrolls of teleportation
 B - a scroll of fear {unknown}
Potions
 b - a potion of magic
 e - 5 potions of curing {unknown}
 h - 2 potions of flight {unknown}
 i - 2 potions of ambrosia {unknown}
 o - a potion of cancellation {unknown}
 r - a potion of berserk rage {unknown}
 s - a potion of brilliance {unknown}
 t - 2 potions of mutation {unknown}
 w - a potion of might {unknown}
 z - a potion of heal wounds {unknown}
 A - a potion of attraction {unknown}
 C - a potion of lignification {unknown}


   Skills:
 - Level 1.7 Dodging
 - Level 1.7 Stealth
 + Level 4.8 Spellcasting
 + Level 6.1 Conjurations


You had 7 spell levels left.
You knew the following spells:

 Your Spells              Type           Power      Damage    Failure   Level
a - Magic Dart            Conj           100%       1d8       1%          1
b - Searing Ray           Conj           100%       2d8       1%          2
c - Iskenderun's Mystic   Conj/Tloc      29%        2d7       13%         4

Your spell library contained the following spells:

 Spells                   Type           Power      Damage    Failure   Level
 Dazzling Flash           Conj/Hex       58%        N/A       3%          3
 Fulminant Prism          Conj/Hex       14%        3d8       13%         4
 Alistair's Intoxication  Tmut/Pois      5%         N/A       77%         5
 Borgnjor's Vile Clutch   Necr/Erth      4%         N/A       77%         5
 Eringya's Noxious Bog    Tmut/Pois      4%         N/A       100%        6


Dungeon Overview and Level Annotations

Branches:
Dungeon (5/15)
 Temple: D:4-7

Shops:
D:2 :   D:4 (??*(

Annotations:
D:4 3 runed translucent doors, aeroqp's ghost, novice FoEE
D:5 Edmund


Innate Abilities, Weirdness & Mutations

You have an increased reservoir of magic. (+10% MP)
You shall have no god before yourself.
Your divine heritage dramatically boosts your attributes as you level up.


Message History

The dart slug launches a dart at you. The slug dart hits you.
Unknown command.
The searing ray hits Blork the orc!
You kill Blork the orc!
The iguana barely misses you. The dart slug launches a dart at you.
The slug dart hits you.
Your Conjurations skill increases to level 6!
The sleepcap closely misses you. The iguana bites you.
You climb upwards.
Level annotation: 3 runed translucent doors, aeroqp's ghost, novice FoEE
There is a stone staircase leading down here.
Unknown command.
Unknown command.
Casting: Searing Ray (safe; 1% risk of failure)
Confirm with . or Enter, or press ? or * to list all spells.
Aiming: Searing Ray (safe; 1% risk of failure)
Press: ? - help, Shift-Dir - straight line, f - iguana
Aim: an iguana (heavily wounded, 85% to hit)
The searing ray hits the iguana!
You kill the iguana! (Press . to maintain the ray.)
The sleepcap barely misses you.
Unknown command.
Casting: Searing Ray (safe; 1% risk of failure)
Confirm with . or Enter, or press ? or * to list all spells.
Restarting spell: Searing Ray (safe; 1% risk of failure)
Press: ? - help, Shift-Dir - straight line, f - sleepcap
Aim: a sleepcap (lightly damaged, 100% to hit)
The searing ray hits the sleepcap.
The sleepcap is moderately damaged. (Press . to maintain the ray.)
The sleepcap releases spores at you!
* * * LOW HITPOINT WARNING * * *
You are engulfed in a cloud of soporific spores!
You fall asleep.
The sleepcap barely misses you. The sleepcap releases spores at you!!
You die...

###############
#.............######
#....(..............
#...................
#...................
#..@................
##f†......#.........
##.#...............
###.................
#.....#.#...........
#.....#.####........
#...................
###.................
#...######...#.##.


You could see a sleepcap.

Vanquished Creatures
  An ogre (D:4)
  Blork the orc (D:5)
  2 scorpions (D:4)
  2 orc priests (D:3)
  An iguana (D:4)
  An orc wizard (D:4)
  Robin (D:3)
  4 gnolls (D:2)
  6 adders
  A dart slug (D:2)
  8 orcs
  4 bats
  5 endoplasms
  4 giant cockroaches
  16 goblins
  10 hobgoblins
  15 kobolds
  4 quokkas
  4 ball pythons
  2 frilled lizards (D:2)
  3 rats
95 creatures vanquished.

Notes
Turn   | Place    | Note
-------+----------+-------------------------------------------
     0 | D:1      | McKennaii the Demigod Conjurer began the quest for the Orb.
     0 | D:1      | Reached XP level 1. HP: 14/14 MP: 5/5
   469 | D:1      | Reached XP level 2. HP: 20/20 MP: 4/7
   472 | D:1      | Learned a level 2 spell: Searing Ray
   905 | D:1      | Reached skill level 4 in Conjurations
  1860 | D:2      | Reached XP level 3. HP: 26/26 MP: 6/9
  2219 | D:2      | Found Raxuc's Book Shop.
  2668 | D:2      | Reached XP level 4. HP: 12/33 MP: 3/11
  2886 | D:3      | HP: 1/33 [orc priest/nerve-wracking pain (8)]
  3094 | D:3      | Reached XP level 5. HP: 30/38 MP: 2/13
  3429 | D:3      | Learned a level 4 spell: Iskenderun's Mystic Blast
  3600 | D:3      | Reached skill level 5 in Conjurations
  3874 | D:4      | Noticed Robin
  3982 | D:3      | Killed Robin
  4151 | D:4      | Found Xoutar's Antique Weapon Shoppe.
  4234 | D:4      | Found Yberag's Magic Scroll Shop.
  4237 | D:4      | Bought a scroll of teleportation for 42 gold pieces
  4310 | D:4      | Found Paaki's Assorted Antiques.
  4318 | D:4      | Bought a lumpy blue potion for 16 gold pieces
  4345 | D:4      | Noticed an ogre
  4350 | D:4      | Killed an ogre
  4351 | D:4      | Reached XP level 6. HP: 45/45 MP: 7/15
  4410 | D:4      | Found a runed translucent gate.
  4410 | D:4      | Found a runed translucent gate.
  4413 | D:4      | Found a runed translucent gate.
  4800 | D:4      | Noticed aeroqp's ghost (novice FoEE)
  4820 | D:4      | Found Udghakik's Antique Weapon Shop.
  4914 | D:4      | Found Meosist's Magic Scroll Boutique.
  5033 | D:5      | Entered Level 5 of the Dungeon
  5036 | D:5      | Noticed Edmund
  5210 | D:5      | Noticed Blork the orc
  5217 | D:5      | Killed Blork the orc
  5218 | D:5      | Reached skill level 6 in Conjurations
  5223 | D:4      | Mangled by a sleepcap

Illustrated notes

Levels and vault maps discovered:
D:1:      psy_arrival_radial02, layout_loops_ring, chequers_big_river,
          hangedman_feature_mirror, bh_walls_and_bars
D:2:      layout_basic, serial_shops, nicolae_shop_trees, nicolae_grassy_gnolls
D:3:      layout_basic, mainiacjoe_overflow_alcove_4,
          grunt_temple_overflow_cloverleaf, kennysheep_decorative_pillar
D:4:      layout_basic, chequers_temple_overflow_statue_of_worship,
          gammafunk_ghost_icy, serial_shops, shop,
          nicolae_shop_pleasant_corner_grove, shop, nicolae_shop_rolled_up,
          nicolae_shop_tiny_real_fake_doors, uniq_robin
D:5:      layout_rooms, amcnicky_altar_gilded, uniq_edmund, uniq_blork_the_orc

Skill      XL: |  1  2  3  4  5  6 |
---------------+-------------------+-----
Spellcasting   | 2 3 4 |  4.8
Conjurations   | 4 5 6 |  6.1
Dodging        | |  1.7
Stealth        | |  1.7

Action                     |  1- 3 |  4- 6 || total
---------------------------+-------+-------++-------
  Melee: Unarmed           |     9 |       ||     9
         Dagger            |     2 |    12 ||    14
   Cast: Magic Dart        |    93 |    81 ||   174
         Searing Ray       |     3 |    16 ||    19
         Iskenderun's Myst |       |     3 ||     3
 Armour: Robe              |     3 |     8 ||    11
  Dodge: Dodged            |    12 |    46 ||    58
